 Dungeon Crawl Stone Soup version 0.28.0-1-gb440e238dd (webtiles) character file.

Game seed: 3376918236330739325

4 serioussanchez the Skirmisher (level 1, -1/18 HPs)
             Began as a Demonspawn Chaos Knight on Feb 23, 2022.
             Was a Plaything of Xom.
             Slain by a jackal (4 damage)
             ... on level 1 of the Dungeon.
             The game lasted 00:01:53 (48 turns).

serioussanchez the Skirmisher (DsCK)                  Turns: 48, Time: 00:01:53

Health: -1/18      AC:  5    Str: 12    XL:     1   Next: 50%
Magic:  1/1        EV: 11    Int: 13    God:    Xom [..*...]
Gold:   17         SH:  0    Dex: 12    Spells: 0/0 levels left

rFire   . . .      SeeInvis .   a - +0 hand axe (chaos)
rCold   . . .      Faith    .   (no shield)
rNeg    . . .      Spirit   .   b - +2 leather armour
rPois   .          Reflect  .   (no helmet)
rElec   .          Harm     .   (no cloak)
rCorr   .          Rampage  .   (no gloves)
Will    .....                   (no boots)
Stlth   +.........              (no amulet)
HPRegen 0.06/turn               (no ring)
MPRegen 0.07/turn               (no ring)

@: brilliant
A: no striking features
a: Renounce Religion


You were on level 1 of the Dungeon.
You worshipped Xom.
You were a toy of Xom.
You visited 1 branch of the dungeon, and saw 1 of its levels.

You collected 17 gold pieces.

Inventory:

Hand Weapons
 a - a +0 hand axe of chaos (weapon)
Armour
 b - a +2 leather armour (worn)


   Skills:
 + Level 3.1 Fighting
 + Level 2.8 Axes
 + Level 1.9 Armour
 + Level 0.8 Dodging


You couldn't memorise any spells.
You didn't know any spells.
Your spell library was empty.

Dungeon Overview and Level Annotations

Branches:
Dungeon (1/15)

Altars:


Message History

The jackal stops moving altogether!
The bat hits you but does no damage.
You hit the water nymph but do no damage.
The bat misses you. The water nymph closely misses you.
The teleport trap disappears.
The bat disappears!
You hit the jackal.
The jackal is severely wounded.
You closely miss the water nymph. The water nymph touches you.
The water nymph drowns you!
Ouch! That really hurt!
* * * LOW HITPOINT WARNING * * *
A shower of butterflies erupts from you!
The jackal misses you.
You swap places.
The jackal misses your butterfly.
The water nymph completely misses your butterfly.
The water nymph changes into a moth of wrath!
The jackal completely misses your butterfly.
The jackal stops to sniff the ground.
The jackal completely misses your butterfly. x3
The jackal bites your butterfly.
Your butterfly dies!
Your butterfly degenerates into a cloud of primal chaos!
The moth of wrath goads the jackal on!
The jackal goes berserk!
A ball python comes into view.
The jackal closely misses your butterfly.
The jackal misses your butterfly.
The jackal is engulfed in seething chaos.
The jackal completely misses your butterfly.
You completely miss the jackal.
The jackal is severely wounded.
The jackal bites you but does no damage.
The jackal completely misses you. The jackal bites you.
* * * LOW HITPOINT WARNING * * *
The jackal barely misses you.
The moth of wrath changes into a snapping turtle!
The jackal bites you.
* * * LOW HITPOINT WARNING * * *
You aren't carrying any potions.
The jackal bites you.
You die...
Xom is highly amused!

######### # #........#
#. #........# #.#
.........#
#.####........#
#♣♣#♣.##.........#
#♣..♣.♣##...b.....#
♣<...♣##..@S..b...#
#♣♣#♣.##..hh.b....#
##.##..b..######
..####.###..g..# ###
#.............t.# ...
................# ....
.#..............# .....
#.............#####..$..
#............h.#........


You could see a snapping turtle shaped shifter (ally target), 2 jackals, a
goblin and a ball python.

Vanquished Creatures
  A goblin (D:1)
  A frilled lizard (D:1)
  3 rats (D:1)
5 creatures vanquished.

Notes
Turn   | Place    | Note
-------+----------+-------------------------------------------
     0 | D:1      | serioussanchez the Demonspawn Chaos Knight began the quest
                  | for the Orb.
     0 | D:1      | Reached XP level 1. HP: 18/18 MP: 1/1
    35 | D:1      | Noticed a glowing shapeshifter
    35 | D:1      | a jackal changed into a glowing shapeshifter
    35 | D:1      | Noticed a water nymph
    35 | D:1      | a glowing shapeshifter changed into a water nymph
    38 | D:1      | XOM: potion effect (brilliance)
    40 | D:1      | XOM: butterfly on damage
    42 | D:1      | Noticed a moth of wrath
    42 | D:1      | a water nymph changed into a moth of wrath
    47 | D:1      | Noticed a snapping turtle
    47 | D:1      | a moth of wrath changed into a snapping turtle
    48 | D:1      | Slain by a jackal

Illustrated notes

Levels and vault maps discovered:
D:1:      pf_arrival_petrified_forest, layout_rooms, hex_large,
          minmay_strange_pillars

Action                   || total
-------------------------++-------
Melee: Hand axe          ||    12
Armor: Leather armour    ||    13
Dodge: Dodged            ||    25
